Map: El Dorado

Players

wootwoot - Winner!

  • Race: Zerg Zerg
  • League: Gold
  • Spawn Location: 7:00

Proudstar

  • Race: Protoss Protoss
  • League: Master
  • Spawn Location: 5:00

VOD

Have the link to the VOD?

Description

Time

  • Played on: April 21, 2025, 12:13 p.m.
  • Length: 3:12
Show
View Real Time Build Order
Export as new Build Order

wootwoot Zerg - Winner!

Build Orders: Pool Only 

Get SALT Encoding   

  12  0:18  Spawning Pool  
  11  0:23  Drone  
  11  0:27  Drone  
  13  0:31  Drone  
  14  0:40  Overlord  
  14  1:05  Zergling x4  
  14  1:06  Zergling x2  
  17  1:18  Zergling x2  
  18  1:28  Zergling x2  
  19  1:40  Zergling x2  
  20  1:52  Zergling x2  
  21  2:06  Zergling x2  
  20  2:18  Zergling x2  
  20  2:22  Zergling x2  
Show
View Real Time Build Order
Export as new Build Order

Proudstar Protoss 

Build Orders: Forge Fast Expand (FFE) 

Get SALT Encoding   

  1  0:00  Probe  
  13  0:17  Pylon  
  13  0:22  Probe  
  14  0:34  Probe  
  15  0:39  Forge  
  15  0:48  Pylon  
  15  0:49  Probe  
  16  1:27  Nexus  
  16  1:45  Probe  
  17  1:54  Gateway  
  17  1:58  Photon Cannon  
    2:36  Probe  
    2:44  Probe  
  2  2:53  Probe  
  3  3:06  Pylon  
Tags
 
Add a new tag
Caveats
  • Supply blocks, unpowered buildings, or Contaminate may cause inaccurate times.
  • Supply counts are checked every 10 seconds.